 Dungeon Crawl Stone Soup version 0.25.0-1-g7eea58d (webtiles) character file.

Game seed: 16948211378745344078

14401 auberdahn the Nimble (level 12, -6/75 HPs)
             Began as a Kobold Assassin on June 17, 2020.
             Was a High Priest of Okawaru.
             Impaled on a porcupine's spines (10 damage)
             ... on level 1 of the Lair of Beasts.
             The game lasted 00:30:47 (20596 turns).

auberdahn the Nimble (Kobold Assassin)             Turns: 20596, Time: 00:30:48

Health: -6/75      AC:  6    Str:  9    XL:     12   Next: 44%
Magic:  3/19       EV: 29    Int: 21    God:    Okawaru [*****.]
Gold:   616        SH:  0    Dex: 18    Spells: 8/21 levels left

rFire    . . .     SeeInvis .   n - +3 short sword (speed)
rCold    + . .     Gourm    .   (shield restricted)
rNeg     . . .     Faith    .   H - +2 robe {rC+}
rPois    .         Spirit   .   (no helmet)
rElec    .         Reflect  .   c - +0 cloak
rCorr    .         Harm     .   u - +0 pair of gloves
MR       .....                  (no boots)
Stlth    +++++.....             (no amulet)
HPRegen  0.22/turn              w - +6 ring of intelligence
MPRegen  0.16/turn              P - +4 ring of evasion

@: very slightly contaminated
A: small, carnivore
a: Heroism, Finesse, Renounce Religion


You were on level 1 of the Lair of Beasts.
You worshipped Okawaru.
Okawaru was extremely pleased with you.
You were completely stuffed.

You visited 3 branches of the dungeon, and saw 14 of its levels.

You collected 616 gold pieces.

Inventory:

Hand Weapons
 a - a +2 dagger of draining
 n - a +3 short sword of speed (weapon)
 B - a +0 falchion
Missiles
 d - 18 poisoned darts (quivered)
 e - 5 curare-tipped darts {!f}
 x - 8 datura-tipped darts
Armour
 b - a +0 robe
 c - a +0 cloak (worn)
 u - a +0 pair of gloves (worn)
 H - a +2 robe of cold resistance (worn)
 Q - the cursed +0 scale mail of the Cicada {*Drain +Blink rC++ Int+4, unknown}
   (You found it on level 11 of the Dungeon)

   It affects your intelligence (+4).
   It greatly protects you from cold.
   It lets you blink.
   It causes draining when unequipped.
   It has a curse placed upon it.
Jewellery
 p - an uncursed ring of flight
 r - a cursed -4 ring of evasion
 w - a +6 ring of intelligence (left hand)
 y - a cursed -4 ring of strength
 J - an uncursed ring of protection from cold
 P - a +4 ring of evasion (right hand)
Wands
 h - a wand of flame (22)
 D - a wand of enslavement (9)
 M - a wand of clouds (7)
Scrolls
 g - 7 scrolls of identify {@r1}
 i - 10 scrolls of remove curse {@r2}
 l - 4 scrolls of enchant armour
 z - a scroll of amnesia
 K - a scroll of enchant weapon
 L - 2 scrolls of teleportation {@r4}
 O - a scroll of magic mapping
Potions
 j - 2 potions of stabbing {unknown}
 k - a potion of might {unknown}
 m - 2 potions of brilliance
 o - 2 potions of flight {unknown}
 s - a potion of invisibility {unknown}
 v - 2 potions of lignification {unknown}
 A - a potion of magic {unknown}
 C - 3 potions of curing {@q1}
 E - 2 potions of ambrosia {unknown}
 F - a potion of mutation {unknown}
 G - a potion of cancellation {unknown}
 I - 2 potions of degeneration {unknown}
Comestibles
 f - 19 rations {!d}
 q - 2 chunks of flesh


   Skills:
 + Level 8.6 Fighting
 * Level 11.7 Short Blades
 - Level 2.1 Throwing
 - Level 12.0 Dodging
 + Level 10.0 Stealth
 - Level 5.0 Spellcasting
 - Level 5.0 Hexes
 * Level 2.0 Summonings
 + Level 2.9 Necromancy
 + Level 2.4 Translocations
 * Level 2.1 Air Magic
 + Level 4.7 Invocations


You had 8 spell levels left.
You knew the following spells:

 Your Spells              Type           Power        Failure   Level  Hunger
a - Confusing Touch       Hex            ####....     4%          3    ##.....
b - Animate Dead          Necr           N/A          32%         4    ####...
c - Blink                 Tloc           N/A          6%          2    None
d - Summon Lightning Spi  Summ/Air       ##......     43%         4    ####...

Your spell library contained the following spells:

 Spells                   Type           Power        Failure   Level  Hunger
 Slow                     Hex            ####....     1%          2    None
 Animate Skeleton         Necr           N/A          3%          1    None
 Pain                     Necr           ###.         3%          1    None
 Summon Small Mammal      Summ           ##..         4%          1    None
 Call Imp                 Summ           ##......     7%          2    None
 Summon Guardian Golem    Hex/Summ       ###.....     8%          3    ##.....
 Vampiric Draining        Necr           ###.......   10%         3    ##.....
 Beastly Appendage        Tmut           #.....       11%         1    None
 Magic Dart               Conj           #...         11%         1    None
 Gell's Gravitas          Tloc           ###.......   12%         3    ##.....
 Call Canine Familiar     Summ           ##......     14%         3    ##.....
 Sticks to Snakes         Tmut           #.......     16%         2    None
 Mephitic Cloud           Conj/Pois/Air  #.......     24%         3    ##.....
 Conjure Flame            Conj/Fire      #.......     32%         3    ##.....
 Spider Form              Tmut/Pois      #.........   32%         3    ##.....
 Summon Ice Beast         Ice/Summ       #.......     56%         4    ####...
 Agony                    Necr           ###.....     65%         5    #####..
 Ice Form                 Ice/Tmut       #.......     71%         4    ####...
 Petrify                  Tmut/Erth      #.......     71%         4    ####...
 Metabolic Englaciation   Hex/Ice        ###.......   71%         5    #####..
 Yara's Violent Unravell  Hex/Tmut       ###.......   71%         5    #####..
 Blade Hands              Tmut           #.........   96%         5    #####..


Dungeon Overview and Level Annotations

Branches:
Dungeon (12/15)            Temple (1/1) D:6            Lair (1/6) D:8
    Orc (0/2) D:10

Altars:
Ashenzari
Cheibriados
Dithmenos
Elyvilon
Fedhas
Gozag
Hepliaklqana
Kikubaaqudgha
Makhleb
Nemelex Xobeh
Okawaru
Qazlal
Ru
Sif Muna
Trog
Uskayaw
Vehumet
Wu Jian
Xom
Yredelemnul
Zin
The Shining One

Annotations:
D:11 3 runed translucent doors, AssidiousBlue's ghost, journeyman MiBe


Innate Abilities, Weirdness & Mutations

You are small and have problems with some larger weapons.
You are carnivorous and can eat meat at any time.


Message History

You hit the porcupine.
The porcupine is heavily wounded.
The porcupine misses you.
You are struck by the porcupine's spines.
* * * LOW HITPOINT WARNING * * *
You closely miss the porcupine.
The porcupine is heavily wounded.
You hear the rapid rumble of a very distant avalanche of rocks.
Unknown command.
You feel better.
The porcupine twitches its whiskers.
The porcupine completely misses you.
You are struck by the porcupine's spines.
* * * LOW HITPOINT WARNING * * *
You barely miss the porcupine.
The porcupine is heavily wounded.
The porcupine bites you.
* * * LOW HITPOINT WARNING * * *
You are struck by the porcupine's spines.
You die...

.....###..#
......PP..#
..........#
..........#
..........##
..........÷####
.........÷..#.#
.........÷(÷.#
.........@...##
.........r†.†<#
##........†...#
###..######.P####
#.. #....P###
...# ###♣♣.....h#
##..
#......^...♣.#
...
♣.............#
♣≈≈h§..........#


You could see a porcupine.

Vanquished Creatures
  Harold (D:8)
  A wizard (D:9)
  2 ugly things (D:11)
  A manticore (D:10)
  A black mamba (Lair:1)
  A komodo dragon (Lair:1)
  2 trolls
  2 hippogriffs (D:10)
  A wraith (D:11)
  Grum (D:8)
  3 hogs
  9 yaks
  A human (D:9)
  3 hungry ghosts
  Edmund (D:4)
  5 orc warriors
  3 water moccasins
  2 ice beasts
  A sky beast (D:8)
  A phantom (D:6)
  A black bear (D:5)
  An eye of draining (D:10)
  5 ogres
  7 centaurs
  3 necrophages
  28 wolves
  A wyvern zombie (D:10)
  8 bullfrogs
  A gnoll sergeant (D:9)
  A wyvern skeleton (D:8)
  2 scorpions
  3 wights
  3 electric eels
  9 crimson imps
  3 centaur zombies
  2 quasits
  3 bullfrog zombies
  7 hounds
  4 jellies
  5 orc priests
  3 bullfrog skeletons
  3 iguanas
  8 orc wizards
  14 worker ants
  3 hound skeletons
  8 gnolls
  2 howler monkey skeletons
  13 adders
  2 shadow imps
  An ooze (D:5)
  2 adder skeletons
  4 worms
  4 dart slugs
  7 leopard geckos
  32 orcs
  6 giant cockroaches
  4 hobgoblins
  4 quokkas
  A ball python (D:1)
  7 bats
  6 frilled lizards
  9 goblins
  6 kobolds
  A leopard gecko skeleton (D:6)
  2 quokka skeletons
  5 rats
  A fungus (Lair:1)
297 creatures vanquished.

Notes
Turn   | Place    | Note
-------+----------+-------------------------------------------
     0 | D:1      | auberdahn the Kobold Assassin began the quest for the Orb.
     0 | D:1      | Reached XP level 1. HP: 12/12 MP: 1/1
   112 | D:1      | Reached skill level 2 in Dodging
   112 | D:1      | Reached XP level 2. HP: 18/18 MP: 2/2
   284 | D:1      | Reached XP level 3. HP: 21/22 MP: 3/3
   363 | D:1      | Reached skill level 3 in Dodging
   962 | D:2      | Found an opulent altar of Gozag.
  1014 | D:2      | Reached XP level 4. HP: 28/28 MP: 4/4
  1058 | D:2      | Learned a level 3 spell: Confusing Touch
  1692 | D:3      | Reached skill level 4 in Dodging
  1692 | D:3      | Reached XP level 5. HP: 13/32 MP: 4/6
  2104 | D:3      | Reached skill level 1 in Spellcasting
  2249 | D:3      | Reached skill level 1 in Hexes
  3502 | D:4      | Noticed a bullfrog
  3516 | D:4      | Killed a bullfrog
  3516 | D:4      | Reached skill level 5 in Dodging
  3516 | D:4      | Reached XP level 6. HP: 20/38 MP: 8/8
  3896 | D:4      | Noticed Edmund
  3945 | D:4      | Killed Edmund
  3945 | D:4      | Reached XP level 7. HP: 33/43 MP: 8/10
  4837 | D:5      | Entered Level 5 of the Dungeon
  5069 | D:5      | HP: 2/43 [acid (3)]
  5070 | D:5      | Reached skill level 6 in Dodging
  6338 | D:6      | Reached XP level 8. HP: 30/48 MP: 12/12
  6720 | D:5      | Reached skill level 7 in Dodging
  7047 | D:6      | Reached skill level 5 in Fighting
  8337 | D:6      | Reached skill level 8 in Dodging
  8399 | D:6      | Reached XP level 9. HP: 35/54 MP: 5/14
  8701 | D:6      | Found a staircase to the Ecumenical Temple.
  8732 | Temple   | Entered the Ecumenical Temple
  8833 | Temple   | Became a worshipper of Warmaster Okawaru
  9896 | D:6      | Reached skill level 5 in Short Blades
 11191 | D:7      | Reached * piety under Okawaru
 11191 | D:7      | Reached skill level 9 in Dodging
 11431 | D:7      | Reached XP level 10. HP: 44/60 MP: 16/16
 11795 | D:8      | Noticed Grum
 12134 | D:7      | Reached skill level 5 in Hexes
 12445 | D:8      | Found a staircase to the Lair.
 12468 | D:8      | Killed Grum
 12627 | D:8      | Noticed Harold
 12653 | D:8      | Killed Harold
 12653 | D:8      | Reached ** piety under Okawaru
 12653 | D:8      | Reached skill level 10 in Dodging
 12653 | D:8      | Reached skill level 5 in Spellcasting
 14521 | D:8      | Reached skill level 1 in Invocations
 14869 | D:9      | Reached XP level 11. HP: 24/67 MP: 12/18
 15304 | D:9      | Reached *** piety under Okawaru
 15534 | D:9      | Reached skill level 11 in Dodging
 15922 | D:9      | Reached skill level 10 in Short Blades
 16483 | D:9      | Noticed a wizard
 16487 | D:9      | Paralysed by a wizard for 2 turns
 16510 | D:9      | Killed a wizard
 16875 | D:10     | Entered Level 10 of the Dungeon
 16878 | D:10     | Noticed a manticore
 16891 | D:10     | Killed a manticore
 16966 | D:9      | Learned a level 4 spell: Animate Dead
 17242 | D:10     | Reached **** piety under Okawaru
 17403 | D:10     | Reached skill level 1 in Necromancy
 17557 | D:10     | Found a staircase to the Orcish Mines.
 18027 | D:10     | Learned a level 2 spell: Blink
 18168 | D:10     | Received a gift from Okawaru
 18594 | D:11     | Found a runed translucent gate.
 18594 | D:11     | Found a runed translucent gate.
 18594 | D:11     | Found a runed translucent gate.
 18885 | D:11     | Noticed AssidiousBlue's ghost (journeyman MiBe)
 19055 | D:11     | Reached skill level 12 in Dodging
 19055 | D:11     | Reached skill level 1 in Translocations
 19084 | D:11     | Reached XP level 12. HP: 42/74 MP: 12/19
 19264 | D:11     | Got a smoking scale mail
 19344 | D:11     | Reached ***** piety under Okawaru
 19655 | D:11     | Learned a level 4 spell: Summon Lightning Spire
 20031 | Lair:1   | Entered Level 1 of the Lair of Beasts
 20082 | Lair:1   | Reached skill level 1 in Summonings
 20082 | Lair:1   | Received a gift from Okawaru
 20082 | Lair:1   | Reached skill level 1 in Air Magic
 20511 | Lair:1   | Received a gift from Okawaru
 20531 | Lair:1   | Reached skill level 10 in Stealth
 20593 | Lair:1   | HP: 2/75 [porcupine's spines (7)]
 20596 | Lair:1   | Impaled on a porcupine's spines

Illustrated notes

Levels and vault maps discovered:
D:1:      matt_arrival_grand_opening, layout_loops_ring, bh_walls_and_bars
D:2:      layout_loops_ring, overflow_temple_1_default
D:3:      layout_basic
D:4:      layout_basic, uniq_edmund
D:5:      layout_loops_ring, cheibrodos_sewer_entry_sluice, first_ration
D:6:      layout_cave_pools, temple_pool_b, lightli_minifort
D:7:      layout_basic
D:8:      layout_basic, erik_lair_island, uniq_harold, uniq_grum
D:9:      layout_loops_ring, grunt_livestock, grunt_ministairs_1,
          minmay_librarian
D:10:     minmay_four_partial_circles, layout_irregular_city
D:11:     layout_loops_ring, gammafunk_ghost_icy
D:12:     layout_stronghold, hangedman_incinerator
Temple:   kilobyte_greek_temple
Lair:1:   layout_cave_pods, nicolae_volcano_entry_lava_flow,
          grunt_forest_large_clearings, uniq_joseph

Skill      XL: |  1  2  3  4  5  6  7  8  9 10 11 12 |
---------------+-------------------------------------+-----
Dodging        | 2 3 4 5 6 8 9 10 12 | 12.0
Fighting       | 3 4 5 6 7 8 |  8.6
Spellcasting   | 1 2 3 4 5 |  5.0
Hexes          | 1 2 3 4 5 |  5.0
Short Blades   | 4 6 9 11 | 11.7
Stealth        | 6 8 9 10 | 10.0
Invocations    | 1 3 4 |  4.7
Necromancy     | 2 |  2.9
Translocations | 1 2 |  2.4
Summonings     | 2 |  2.0
Air Magic      | 2 |  2.1
Throwing       | |  2.1

Action                   |  1- 3 |  4- 6 |  7- 9 | 10-12 || total
-------------------------+-------+-------+-------+-------++-------
Melee: Dagger            |    80 |       |       |       ||    80
       Short sword       |     4 |   242 |   662 |  1032 ||  1940
Throw: Dart              |       |       |       |    12 ||    12
 Cast: Confusing Touch   |       |       |    11 |    67 ||    78
Evoke: Wand              |       |       |       |     2 ||     2
  Use: Potion            |       |     4 |     3 |     3 ||    10
       Scroll            |       |       |    14 |     7 ||    21
 Stab: Sleeping          |    10 |    10 |     8 |    28 ||    56
       Distracted        |       |       |     1 |     1 ||     2
       Confused          |       |       |    12 |    78 ||    90
  Eat: Chunk             |     9 |     9 |    29 |    36 ||    83
Armor: Robe              |    12 |    11 |    52 |    72 ||   147
Dodge: Dodged            |    63 |   112 |   466 |   672 ||  1313
